ITL
HAVANA ROLLERS @ CHATTANOOGA CHINPOKOMON
09/09/2028
 
TOP OF THE 1ST
Havana Rollers batting - Pitching for Chattanooga Chinpokomon : LHP Rob Price
Pitching: LHP Rob Price
Batting: LHB Rafael Delgado 0-0: Swinging Strike
0-1: Ball
1-1: Called Strike
1-2: Ball
2-2: Strikes out looking
Batting: RHB Francisco Rincón 0-0: Called Strike
0-1: Ball
1-1: Ground out 4-3 (Groundball, 4M)
Batting: RHB Paul Bailey 0-0: Ball
1-0: Ball
2-0: Called Strike
2-1: Ball
3-1: Fly out, F9 (Line Drive, 9D)
Top of the 1st over - 0 run(s), 0 hit(s), 0 error(s), 0 left on base; Havana 0 - Chattanooga 0
BOTTOM OF THE 1ST
Chattanooga Chinpokomon batting - Pitching for Havana Rollers : LHP Dave Miller
Pitching: LHP Dave Miller
Batting: RHB Ben Barker 0-0: Called Strike
0-1: Foul Ball, location: 2F
0-2: Ball
1-2: Strikes out swinging
Batting: RHB Jeffrey Hicks 0-0: Bunted foul
0-1: Ground out 5-3 (Groundball, 25)
Batting: RHB Ramiro Chávez 0-0: Swinging Strike
0-1: Ball
1-1: Ball
2-1: Ball
3-1: Called Strike
3-2: Foul Ball, location: 2F
3-2: Foul Ball, location: 2F
3-2: SINGLE (Groundball, 56D)
Batting: RHB Jesús Tisnado 0-0: Ball
1-0: Ball
2-0: Ball
3-0: Called Strike
3-1: Called Strike
3-2: Base on Balls
Ramiro Chávez to second
Batting: RHB Luis Antonio Velásquez 0-0: SINGLE (Line Drive, 6MD)
Ramiro Chávez to third
Jesús Tisnado to second
Runner from 3rd tries for Home, SAFE, no throw
Batting: RHB Irving Galloway 0-0: Foul Ball, location: 2F
0-1: Swinging Strike
0-2: Ball
1-2: Foul Ball, location: 2F
1-2: Fielders Choice at 2nd, 6-4 (Groundball, 6)
Bottom of the 1st over - 1 run(s), 2 hit(s), 0 error(s), 1 left on base; Havana 0 - Chattanooga 1
TOP OF THE 2ND
Havana Rollers batting - Pitching for Chattanooga Chinpokomon : LHP Rob Price
Batting: RHB Soshu Nakamura 0-0: Ball
1-0: Ball
2-0: Ball
3-0: Base on Balls
Batting: SHB Pepe Piña 0-0: Grounds into double play, U4-3 (Groundball, 6M)
Batting: LHB Enrique Cortéz 0-0: Ball
1-0: Swinging Strike
1-1: Called Strike
1-2: SINGLE (Groundball, 34) (infield hit)
Batting: RHB Luis Aguilar 0-0: Ball
1-0: Ball
2-0: Ball
3-0: Called Strike
3-1: Called Strike
3-2: Base on Balls
Enrique Cortéz to second
Batting: SHB Yasuhiro Ikarashi 0-0: Hit by Pitch
Enrique Cortéz to third
Luis Aguilar to second
Batting: RHB Chad Case 0-0: Swinging Strike
0-1: Ball
1-1: Fly out, F4 (Popup, 4D)
Top of the 2nd over - 0 run(s), 1 hit(s), 0 error(s), 3 left on base; Havana 0 - Chattanooga 1
BOTTOM OF THE 2ND
Chattanooga Chinpokomon batting - Pitching for Havana Rollers : LHP Dave Miller
Batting: RHB Ichizo Akiyama 0-0: Ball
1-0: Foul Ball, location: 2F
1-1: Foul Ball, location: 2F
1-2: Ball
2-2: Ground out 4-3 (Groundball, 4)
Batting: RHB José Martínez 0-0: Called Strike
0-1: Called Strike
0-2: Strikes out swinging
Batting: LHB Martin Davis 0-0: Ball
1-0: Foul Ball, location: 2F
1-1: Ball
2-1: Ball
3-1: Base on Balls
Batting: RHB Ben Barker 0-0: Ball
1-0: Called Strike
1-1: Foul Ball, location: 2F
1-2: Foul Ball, location: 2F
1-2: Ball
2-2: Ball
3-2: Strikes out looking
Bottom of the 2nd over - 0 run(s), 0 hit(s), 0 error(s), 1 left on base; Havana 0 - Chattanooga 1
TOP OF THE 3RD
Havana Rollers batting - Pitching for Chattanooga Chinpokomon : LHP Rob Price
Batting: LHB Rafael Delgado 0-0: Ball
1-0: Swinging Strike
1-1: Called Strike
1-2: Ground out 6-3 (Groundball, 6)
Batting: RHB Francisco Rincón 0-0: Ball
1-0: Ball
2-0: SINGLE (Line Drive, 7S)
Batting: RHB Paul Bailey 0-0: Ball
1-0: Ground out 5-3 (Groundball, 56S)
Francisco Rincón to second
Batting: RHB Soshu Nakamura 0-0: Called Strike
0-1: Foul Ball, location: 2F
0-2: Strikes out swinging
Top of the 3rd over - 0 run(s), 1 hit(s), 0 error(s), 1 left on base; Havana 0 - Chattanooga 1
BOTTOM OF THE 3RD
Chattanooga Chinpokomon batting - Pitching for Havana Rollers : LHP Dave Miller
Batting: RHB Jeffrey Hicks 0-0: Ball
1-0: Called Strike
1-1: Foul Ball, location: 2F
1-2: Foul Ball, location: 2F
1-2: Foul Ball, location: 2F
1-2: SINGLE (Groundball, 34D)
Batting: RHB Ramiro Chávez 0-0: Ball
1-0: Ball
2-0: Fly out, F6 (Line Drive, 56)
Batting: RHB Jesús Tisnado 0-0: Called Strike
0-1: Hit by Pitch
Jeffrey Hicks to second
Batting: RHB Luis Antonio Velásquez 0-0: Ball
Passed Ball!
Jeffrey Hicks to third
Jesús Tisnado to second
1-0: SINGLE (Groundball, 6D)
Jeffrey Hicks scores
Jesús Tisnado to third
Runner from 3rd tries for Home, SAFE, throw made home
Luis Antonio Velásquez to second
Batting: RHB Irving Galloway 0-0: Called Strike
0-1: Swinging Strike
0-2: Strikes out swinging
Batting: RHB Ichizo Akiyama 0-0: Called Strike
0-1: Fly out, F7 (Flyball, 7LM)
Bottom of the 3rd over - 2 run(s), 2 hit(s), 0 error(s), 1 left on base; Havana 0 - Chattanooga 3
TOP OF THE 4TH
Havana Rollers batting - Pitching for Chattanooga Chinpokomon : LHP Rob Price
Batting: SHB Pepe Piña 0-0: Called Strike
0-1: SOLO HOME RUN (Flyball, 78XD), Distance : 393 ft
Batting: LHB Enrique Cortéz 0-0: Fly out, F9 (Flyball, 9LM)
Batting: RHB Luis Aguilar 0-0: SINGLE (Groundball, 34D)
Batting: SHB Yasuhiro Ikarashi 0-0: Ball
1-0: SINGLE (Groundball, 6MD)
Luis Aguilar to second
Batting: RHB Chad Case 0-0: SINGLE (Flyball, 78S)
Luis Aguilar to third
Yasuhiro Ikarashi to second
Runner from 3rd tries for Home, throw and OUT!
Yasuhiro Ikarashi to third
Chad Case to second
Batting: LHB Rafael Delgado 0-0: Swinging Strike
0-1: Foul Ball, location: 2F
0-2: Foul Ball, location: 2F
0-2: SINGLE (Line Drive, 7LM)
Yasuhiro Ikarashi scores
Chad Case to third
Runner from 3rd tries for Home, SAFE, no throw
Batting: RHB Francisco Rincón 0-0: Ball
Rafael Delgado steals 2nd base
1-0: Ground out 5-3 (Groundball, 56S)
Top of the 4th over - 3 run(s), 5 hit(s), 0 error(s), 1 left on base; Havana 3 - Chattanooga 3
BOTTOM OF THE 4TH
Chattanooga Chinpokomon batting - Pitching for Havana Rollers : LHP Dave Miller
Batting: RHB José Martínez 0-0: Ball
1-0: Ball
2-0: Called Strike
2-1: Fly out, F8 (Flyball, 8RM)
Batting: LHB Martin Davis 0-0: Ball
1-0: Swinging Strike
1-1: Called Strike
1-2: Strikes out swinging
Batting: RHB Ben Barker 0-0: Ball
1-0: Ball
2-0: Ball
3-0: Called Strike
3-1: DOUBLE (Flyball, 89M)
Batting: RHB Jeffrey Hicks 0-0: Fly out, F8 (Flyball, 78D)
Bottom of the 4th over - 0 run(s), 1 hit(s), 0 error(s), 1 left on base; Havana 3 - Chattanooga 3
TOP OF THE 5TH
Havana Rollers batting - Pitching for Chattanooga Chinpokomon : LHP Rob Price
Batting: RHB Paul Bailey 0-0: Foul Ball, location: 2F
0-1: Ball
1-1: Ball
2-1: SINGLE (Flyball, 9LS)
Batting: RHB Soshu Nakamura 0-0: Called Strike
0-1: Swinging Strike
0-2: Strikes out swinging
Batting: SHB Pepe Piña 0-0: Ball
1-0: Foul Ball, location: 2F
1-1: Swinging Strike
1-2: Strikes out swinging
Batting: LHB Enrique Cortéz 0-0: Ball
1-0: Ball
2-0: Foul Ball, location: 2F
2-1: Foul Ball, location: 2F
2-2: Strikes out swinging
Top of the 5th over - 0 run(s), 1 hit(s), 0 error(s), 1 left on base; Havana 3 - Chattanooga 3
BOTTOM OF THE 5TH
Chattanooga Chinpokomon batting - Pitching for Havana Rollers : LHP Dave Miller
Batting: RHB Ramiro Chávez 0-0: Ball
1-0: Ball
2-0: Called Strike
2-1: Foul Ball, location: 2F
2-2: SINGLE (Groundball, 6D)
Pitching: RHP José Ramírez
Batting: RHB Jesús Tisnado 0-0: Called Strike
0-1: Swinging Strike
0-2: Fly out, F8 (Flyball, 8RS)
Batting: RHB Luis Antonio Velásquez 0-0: Called Strike
0-1: Ball
1-1: Called Strike
1-2: Grounds into double play, 6-4-3 (Groundball, 6M)
Bottom of the 5th over - 0 run(s), 1 hit(s), 0 error(s), 0 left on base; Havana 3 - Chattanooga 3
TOP OF THE 6TH
Havana Rollers batting - Pitching for Chattanooga Chinpokomon : LHP Rob Price
Batting: RHB Luis Aguilar 0-0: Fly out, F8 (Flyball, 8RS)
Batting: SHB Yasuhiro Ikarashi 0-0: Ball
1-0: Called Strike
1-1: Ball
2-1: Swinging Strike
2-2: SOLO HOME RUN (Flyball, 7LD), Distance : 357 ft
Batting: RHB Chad Case 0-0: Called Strike
0-1: Ball
1-1: Fly out, F7 (Flyball, 7S)
Batting: LHB Rafael Delgado 0-0: Ball
1-0: Fly out, F7 (Flyball, 7S)
Top of the 6th over - 1 run(s), 1 hit(s), 0 error(s), 0 left on base; Havana 4 - Chattanooga 3
BOTTOM OF THE 6TH
Chattanooga Chinpokomon batting - Pitching for Havana Rollers : RHP José Ramírez
Batting: RHB Irving Galloway 0-0: Called Strike
0-1: Called Strike
0-2: Foul Ball, location: 2F
0-2: Foul Ball, location: 2F
0-2: Foul Ball, location: 2F
0-2: Ball
1-2: Strikes out swinging
Batting: RHB Ichizo Akiyama 0-0: Ball
1-0: Ball
2-0: Foul Ball, location: 2F
2-1: Ground out 5-3 (Groundball, 56)
Batting: RHB José Martínez 0-0: Ball
1-0: Ball
2-0: Ball
3-0: Base on Balls
Batting: LHB Martin Davis 0-0: Called Strike
0-1: Ball
1-1: Ball
2-1: Called Strike
2-2: Strikes out swinging
Bottom of the 6th over - 0 run(s), 0 hit(s), 0 error(s), 1 left on base; Havana 4 - Chattanooga 3
TOP OF THE 7TH
Havana Rollers batting - Pitching for Chattanooga Chinpokomon : LHP Rob Price
Batting: RHB Francisco Rincón 0-0: Ground out 6-3 (Groundball, 6)
Batting: RHB Paul Bailey 0-0: Swinging Strike
0-1: Ground out 4-3 (Groundball, 4S)
Batting: RHB Soshu Nakamura 0-0: Fly out, F4 (Popup, 34D)
Top of the 7th over - 0 run(s), 0 hit(s), 0 error(s), 0 left on base; Havana 4 - Chattanooga 3
BOTTOM OF THE 7TH
Chattanooga Chinpokomon batting - Pitching for Havana Rollers : RHP José Ramírez
Batting: RHB Ben Barker 0-0: Called Strike
0-1: Ball
1-1: Ball
2-1: Fly out, F7 (Flyball, 7S)
Batting: RHB Jeffrey Hicks 0-0: Ball
1-0: Ball
2-0: Fly out, F5 (Line Drive, 5)
Batting: RHB Ramiro Chávez 0-0: Swinging Strike
0-1: Called Strike
0-2: Foul Ball, location: 2F
0-2: Ball
1-2: Ball
2-2: Ground out 6-3 (Groundball, 6)
Bottom of the 7th over - 0 run(s), 0 hit(s), 0 error(s), 0 left on base; Havana 4 - Chattanooga 3
TOP OF THE 8TH
Havana Rollers batting - Pitching for Chattanooga Chinpokomon : LHP Rob Price
Batting: SHB Pepe Piña 0-0: Ball
1-0: Ball
2-0: Ball
3-0: Swinging Strike
3-1: SINGLE (Groundball, 56D)
Batting: LHB Enrique Cortéz 0-0: Called Strike
0-1: Called Strike
0-2: Ball
1-2: Ball
2-2: Foul Ball, location: 2F
2-2: Ball
3-2: Foul Ball, location: 2F
3-2: Grounds into double play, 4-6-3 (Groundball, 4)
Batting: RHB Luis Aguilar 0-0: Ball
1-0: Ball
2-0: Ball
3-0: Called Strike
3-1: Foul Ball, location: 2F
3-2: Foul Ball, location: 2F
3-2: Foul Ball, location: 2F
3-2: SINGLE (Groundball, 3D)
Pitching: RHP Ricardo Quiñones
Pinch Hitting: LHB Jimmy Husted 0-0: Fielders Choice at 2nd, 6-4 (Groundball, 6)
Top of the 8th over - 0 run(s), 2 hit(s), 0 error(s), 0 left on base; Havana 4 - Chattanooga 3
BOTTOM OF THE 8TH
Chattanooga Chinpokomon batting - Pitching for Havana Rollers : RHP José Ramírez
Pitching: RHP Valentín Luna
Now in RF: Jimmy Husted
Batting: RHB Jesús Tisnado 0-0: Foul Ball, location: 2F
0-1: Ground out 6-3 (Groundball, 6S)
Pitching: LHP Dennis Taylor
Batting: RHB Luis Antonio Velásquez 0-0: Foul Ball, location: 2F
0-1: Ball
1-1: Ball
2-1: Called Strike
2-2: Ball
3-2: Strikes out swinging
Pitching: RHP Alejandro Pérez
Batting: RHB Irving Galloway 0-0: Called Strike
0-1: Foul Ball, location: 2F
0-2: Ball
1-2: Ground out 5-3 (Groundball, 5S)
Bottom of the 8th over - 0 run(s), 0 hit(s), 0 error(s), 0 left on base; Havana 4 - Chattanooga 3
TOP OF THE 9TH
Havana Rollers batting - Pitching for Chattanooga Chinpokomon : RHP Ricardo Quiñones
Batting: RHB Chad Case 0-0: Foul Ball, location: 2F
0-1: Swinging Strike
0-2: Strikes out swinging
Pitching: LHP Félix García
Batting: LHB Rafael Delgado 0-0: Called Strike
0-1: Ball
1-1: Ball
2-1: Ball
3-1: Foul Ball, location: 2F
3-2: Strikes out swinging
Pitching: LHP Henry Barton
Batting: RHB Francisco Rincón 0-0: Ball
1-0: Fly out, F9 (Flyball, 89S)
Top of the 9th over - 0 run(s), 0 hit(s), 0 error(s), 0 left on base; Havana 4 - Chattanooga 3
BOTTOM OF THE 9TH
Chattanooga Chinpokomon batting - Pitching for Havana Rollers : RHP Alejandro Pérez
Pitching: RHP Ron Henningar
Batting: RHB Ichizo Akiyama 0-0: SINGLE (Line Drive, 34D)
Batting: RHB José Martínez 0-0: Ball
1-0: Ball
2-0: Bunt missed!
2-1: Bunted foul
2-2: Fly out, F9 (Line Drive, 89S)
Pinch Hitting: RHB Armando Cuevas 0-0: Ball
1-0: Ball
2-0: Called Strike
2-1: Called Strike
2-2: SINGLE (Line Drive, 8LS)
Ichizo Akiyama to second
Batting: RHB Ben Barker 0-0: Swinging Strike
0-1: Called Strike
0-2: Strikes out looking
Batting: RHB Jeffrey Hicks 0-0: Fielders Choice at 2nd, 6-4 (Groundball, 6)
Bottom of the 9th over - 0 run(s), 2 hit(s), 0 error(s), 1 left on base; Havana 4 - Chattanooga 3
Tuesday, August 8th, 2017 - OOTP Baseball 17.12 Build 75